 Dungeon Crawl Stone Soup version 0.29-a0-1027-gcd8c55af63 (webtiles) character file.

Game seed: 4498746553681952336

3966 croobank the Covert (level 10, -1/68 HPs)
             Began as an Octopode Conjurer on Aug 13, 2022.
             Was an Initiate of Hepliaklqana.
             Slain by a yak (17 damage)
             ... on level 8 of the Dungeon.
             The game lasted 00:36:07 (11504 turns).

croobank the Covert (Octopode Conjurer)            Turns: 11504, Time: 00:36:12

Health: -1/68      AC:  1    Str:  6    XL:     10   Next: 22%
Magic:  0/19       EV: 19    Int: 25    God:    Hepliaklqana [......]
Gold:   174        SH:  0    Dex: 11    Spells: 6/21 levels left

rFire   . . .      SeeInvis .   i - +3 woodcutter's axe {vorpal}
rCold   . . .      Faith    .   (shield currently unavailable)
rNeg    . . .      Spirit   +   (helmet restricted)
rPois   .          Reflect  .   j - amulet of guardian spirit
rElec   .          Harm     .   n - ring of willpower
rCorr   .          Rampage  .   D - +4 ring of evasion
Will    +....                   (no ring)
Stlth   +++++.....              (no ring)
HPRegen 0.21/turn               (no ring)
MPRegen 0.16/turn               (no ring)
                                (no ring)
                                (no ring)

@: wereblooded (expiring), freezing walls
A: almost no armour, amphibious, 8 rings, camouflage 1, gelatinous body 1,
(nimble swimmer 1), tentacles
a: Renounce Religion


You were on level 8 of the Dungeon.
You worshipped Hepliaklqana.
Hepliaklqana was noncommittal.
You visited 2 branches of the dungeon, and saw 9 of its levels.
You also visited: Ossuary.

You collected 342 gold pieces.
You spent 168 gold pieces at shops.

Inventory:

Hand Weapons
 a - a +0 short sword of venom
 c - a +3 dagger
 f - a +4 morningstar of draining
 i - the +3 woodcutter's axe (weapon) {vorpal}
   (You took it off a gnoll on level 5 of the Dungeon)

   It inflicts extra damage upon your enemies.
 l - a +0 great sword
 m - a +1 vampiric falchion
 q - a +1 vorpal spear
 t - a +4 rapier of venom
 G - a +1 long sword
Missiles
 g - 31 poisoned darts (quivered)
Armour
 h - an orb of light
Jewellery
 j - an amulet of guardian spirit (around mantle)
 n - a ring of willpower (left tentacle)
 D - a +4 ring of evasion (right tentacle)
 E - a ring of magical power
Wands
 e - a wand of quicksilver (13)
Scrolls
 p - 4 scrolls of noise
 s - a scroll of teleportation
 w - 2 scrolls of immolation
 I - a scroll of poison
Potions
 b - a potion of brilliance
 k - 3 potions of cancellation
 o - 3 potions of invisibility
 r - 5 potions of heal wounds
 u - a potion of flight {unknown}
 x - 2 potions of haste {unknown}
 z - 2 potions of mutation {unknown}
 A - a potion of resistance {unknown}
 B - 2 potions of might
 C - 2 potions of ambrosia {unknown}
 F - a potion of attraction {unknown}
 H - a potion of curing


   Skills:
 + Level 6.3 Fighting
 + Level 6.7 Dodging
 + Level 9.7 Stealth
 + Level 6.2 Spellcasting
 + Level 7.6 Conjurations


You had 6 spell levels left.
You knew the following spells:

 Your Spells              Type           Power      Damage    Failure   Level
a - Magic Dart            Conj           100%       1d8       1%          1
b - Beastly Appendage     Tmut           14%        N/A       8%          1
c - Wereblood             Tmut           7%         N/A       11%         2
d - Frozen Ramparts       Ice            14%        1d3       22%         3
e - Iskenderun's Mystic   Conj/Tloc      26%        2d7       16%         4
f - Olgreb's Toxic Radia  Pois           7%         N/A       58%         4

Your spell library contained the following spells:

 Spells                   Type           Power      Damage    Failure   Level
 Searing Ray              Conj           92%        2d7       1%          2
 Dazzling Flash           Conj/Hex       52%        N/A       4%          3
 Stone Arrow              Conj/Erth      52%        3d10      4%          3
 Freeze                   Ice            28%        1d5       8%          1
 Necrotise                Necr           28%        1d5       8%          1
 Sandblast                Erth           14%        2d6       8%          1
 Slow                     Hex            28%        N/A       8%          1
 Sting                    Tmut/Pois      28%        1d4       8%          1
 Passwall                 Tmut/Erth      5%         N/A       11%         2
 Poisonous Vapours        Pois/Air       14%        N/A       11%         2
 Fulminant Prism          Conj/Hex       13%        3d9       16%         4
 Hailstorm                Conj/Ice       26%        3d7       16%         4
 Confusing Touch          Hex            7%         N/A       22%         3
 Spider Form              Tmut/Pois      7%         N/A       22%         3
 Vampiric Draining        Necr           7%         2d6       22%         3
 Agony                    Necr           7%         N/A       90%         5
 Lee's Rapid Deconstruct  Erth           3%         3d6*      90%         5
 Summon Forest            Summ/Tloc      3%         N/A       90%         5
 Summon Mana Viper        Hex/Summ       7%         N/A       90%         5
 Starburst                Conj/Fire      13%        6d5       93%         6
 Summon Cactus Giant      Summ           3%         N/A       100%        6


Dungeon Overview and Level Annotations

Branches:
Dungeon (8/15)             Temple (1/1) D:4         Ossuary (visited)
   Lair: D:8-11

Altars:
Ashenzari
Cheibriados
Dithmenos
Elyvilon
Fedhas
Gozag
Hepliaklqana
Makhleb
Nemelex Xobeh
Okawaru
Qazlal
Ru
Trog
Uskayaw
Wu Jian
Xom
Yredelemnul
Zin
The Shining One

Shops:
D:6 =   D:8 !


Innate Abilities, Weirdness & Mutations

You cannot wear most types of armour.
You are amphibious.
You can wear up to eight rings at the same time.
Your skin changes colour to match your surroundings (Stealth+).
Your rubbery body absorbs attacks. (AC +1, EV +1)
((You are camouflaged when in or above water. (Stealth+)))
You have tentacles for arms and can constrict up to eight enemies at once.


Message History

The yak completely misses you.
You slash the yak!
You feel a bit better.
You kill the yak!
You completely miss the yak.
You pierce the yak, but do no damage.
The yak misses you.
You barely miss the yak.
You pierce the yak.
Your squeeze misses the yak.
The yak is lightly wounded.
The yak misses you.
You slash the yak!
The yak is heavily wounded.
The yak misses you.
You barely miss the yak.
You pierce the yak.
The yak is heavily wounded.
The yak gores you!
You hit the yak.
The yak is severely wounded.
You howl as the wereblood boils in your veins!
The yak barely misses you.
You hit the yak.
The yak is severely wounded.
Your primal bloodlust is almost over.
The yak gores you!
You hit the yak but do no damage.
The yak is severely wounded.
Your tentacle spike disappears.
The yak gores you!
* * * LOW HITPOINT WARNING * * *
Casting: Wereblood (safe; 11% risk of failure)
Confirm with . or Enter, or press ? or * to list all spells.
Okay, then.
Casting: Wereblood (safe; 11% risk of failure)
Confirm with . or Enter, or press ? or * to list all spells.
Casting: Frozen Ramparts (dangerous; 22% risk of failure)
Press: ? - help, Dir - look around, f - activate A stone staircase leading down, spattered with blood.
The walls around you are covered in ice.
The wall freezes the yak.
The wall freezes the yak but does no damage.
The yak gores you!
You die...

##.##..#...###.#
#......##.## #.#
#..##.###.####'# #..##.#
#.##.#.# #..##.#
#.##.#!#......## #..##.#
#.##.#∩#.......## . #..##.#
#.##...#........##.
#..##.###.##...#.......... #
#.........##.#@#........##.#
#.###.######.#Y#.....?.....#
#........###.#Y# #.).)......
#####..#.....#'# #.YY)..#
##...#####.###Y##)#.....
##### #..[.......#.##
###.######## #.# #.#


You could see 2 yaks.

Vanquished Creatures
  Pikel (D:6)
  Prince Ribbit (D:8)
  Sigmund (D:6)
  A yak (D:8)
  A steam dragon (D:6)
  Edmund (D:6)
  Duvessa (D:4)
  A black bear (D:7)
  An orc warrior (D:6)
  2 sky beasts
  2 ogres
  A kobold brigand (D:8)
  3 phantoms
  A gnoll sergeant (D:5)
  2 bullfrogs
  A necrophage (D:7)
  3 scorpions
  3 wights (D:8)
  Dowan (D:4)
  3 killer bees (D:7)
  2 howler monkeys
  A centaur zombie (Ossuary)
  4 hounds
  2 gnoll boudas
  2 jellies
  Jessica (D:3)
  5 iguanas
  5 orc wizards (D:6)
  Terence (D:3)
  3 mummies (Ossuary)
  24 gnolls
  4 adders
  A shadow imp (D:5)
  A white imp (D:6)
  2 ufetubi (D:5)
  3 dart slugs
  21 orcs
  8 ball pythons
  5 endoplasms
  A giant cockroach (D:4)
  A gnoll zombie (Ossuary)
  5 goblins
  7 hobgoblins
  14 jackals
  3 quokkas
  4 bats
  3 frilled lizards
  3 goblin zombies (Ossuary)
  18 kobolds
  A kobold zombie (Ossuary)
  2 orc zombies (Ossuary)
  8 rats
196 creatures vanquished.

Vanquished Creatures (others)
  A plant (D:6)
1 creature vanquished.

Grand Total: 197 creatures vanquished

Notes
Turn   | Place    | Note
-------+----------+-------------------------------------------
     0 | D:1      | croobank the Octopode Conjurer began the quest for the Orb.
     0 | D:1      | Reached XP level 1. HP: 11/11 MP: 3/3
    50 | D:1      | Reached skill level 3 in Stealth
   401 | D:1      | Reached XP level 2. HP: 12/17 MP: 3/5
   661 | D:1      | Learned a level 1 spell: Beastly Appendage
   664 | D:1      | Learned a level 2 spell: Wereblood
   945 | D:1      | Reached XP level 3. HP: 22/22 MP: 4/6
  1954 | D:2      | Reached skill level 1 in Fighting
  2165 | D:2      | Reached XP level 4. HP: 28/28 MP: 3/7
  2323 | D:2      | Found a broken altar of Ashenzari.
  2672 | D:3      | Noticed Jessica
  2684 | D:3      | Killed Jessica
  2898 | D:3      | Noticed Terence
  2929 | D:3      | Killed Terence
  2930 | D:3      | Reached skill level 4 in Stealth
  3245 | D:3      | Reached XP level 5. HP: 28/33 MP: 7/9
  3276 | D:3      | Learned a level 3 spell: Frozen Ramparts
  4221 | D:4      | Noticed an ogre
  4236 | D:4      | Killed an ogre
  4237 | D:4      | Reached XP level 6. HP: 39/39 MP: 2/10
  4243 | D:4      | Found a staircase to the Ecumenical Temple.
  4264 | Temple   | Entered the Ecumenical Temple
  4614 | D:4      | Noticed Duvessa
  4614 | D:4      | Noticed Dowan
  5004 | D:4      | Learned a level 4 spell: Iskenderun's Mystic Blast
  5055 | D:5      | Entered Level 5 of the Dungeon
  5140 | D:5      | Reached skill level 5 in Stealth
  5140 | D:5      | Reached skill level 5 in Conjurations
  5524 | D:5      | Reached XP level 7. HP: 25/45 MP: 5/12
  6803 | D:5      | Reached skill level 6 in Stealth
  6803 | D:5      | Reached XP level 8. HP: 52/52 MP: 9/14
  7044 | D:5      | Found an iron altar of Okawaru.
  7044 | D:5      | Found a burning altar of Makhleb.
  7052 | D:5      | Found a faded altar of an unknown god.
  7054 | D:5      | Found an ornate altar of the Wu Jian Council.
  7056 | D:5      | Found a glowing golden altar of the Shining One.
  7216 | D:6      | Reached skill level 7 in Stealth
  7227 | D:6      | Learned a level 4 spell: Olgreb's Toxic Radiance
  7290 | D:6      | Noticed Edmund
  7300 | D:6      | Killed Edmund
  7301 | D:6      | Reached skill level 5 in Dodging
  7592 | D:6      | Noticed Sigmund
  7598 | D:6      | Killed Sigmund
  7608 | D:6      | Noticed Pikel
  7628 | D:6      | Killed Pikel
  7629 | D:6      | Reached skill level 5 in Fighting
  7629 | D:6      | Reached skill level 8 in Stealth
  7629 | D:6      | Reached skill level 5 in Spellcasting
  7629 | D:6      | Reached XP level 9. HP: 34/61 MP: 6/16
  7909 | D:6      | Found a blossoming altar of Fedhas.
  8357 | D:6      | Found Niyfuako's Jewellery Shoppe.
  8918 | D:4      | Killed Duvessa
  8922 | D:4      | Killed Dowan
  9418 | D:7      | Found a sand-covered staircase.
  9448 | Ossuary  | Entered an ossuary
  9952 | D:7      | Reached skill level 9 in Stealth
 10237 | D:7      | Found a hazy altar of Hepliaklqana.
 10295 | D:7      | Reached XP level 10. HP: 67/68 MP: 18/18
 10462 | D:7      | Became a worshipper of Hepliaklqana the Forgotten
 10880 | D:8      | Found Icom's Distillery.
 10886 | D:8      | Bought a potion of heal wounds for 70 gold pieces
 10886 | D:8      | Bought a potion of curing for 42 gold pieces
 10886 | D:8      | Bought a potion of might for 56 gold pieces
 11135 | D:8      | Noticed Prince Ribbit
 11151 | D:8      | HP: 1/68 [orc warrior/+0 halberd (18)]
 11151 | D:8      | Killed Prince Ribbit
 11504 | D:8      | Slain by a yak

Illustrated notes

Levels and vault maps discovered:
D:1:      dpeg_arrival_oval, layout_basic, amcnicky_mini_corridor_feature
D:2:      minmay_angry_zag, layout_basic, basic_altar
D:3:      layout_loops_ring, uniq_terence, uniq_jessica
D:4:      layout_basic, minmay_temple_entry_drinking_statues,
          nicolae_underground_beach, uniq_duvessa
D:5:      layout_loops_ring, chequers_temple_overflow_minitemple,
          pf_guarded_unrand_woodcutter
D:6:      layout_rooms, fedhas_ov_isle_minmay, serial_shops,
          nicolae_shop_statue_plus, uniq_sigmund, uniq_edmund, uniq_pikel
D:7:      layout_basic, nzn_hepliaklqana_mist_gate, nicolae_ossuary_entry_plus
D:8:      layout_loops_ring, serial_shops, nicolae_shop_hallway_stairs,
          minmay_door_square, uniq_prince_ribbit1
Temple:   compressed_dpeg_triangle_lava_temple

Skill      XL: |  1  2  3  4  5  6  7  8  9 10 |
---------------+-------------------------------+-----
Stealth        | 3 4 5 6 8 9 |  9.7
Fighting       | 1 2 3 5 6 |  6.3
Dodging        | 3 4 5 6 |  6.7
Spellcasting   | 3 4 5 6 |  6.2
Conjurations   | 5 6 7 |  7.6

Action                   |  1- 3 |  4- 6 |  7- 9 | 10-12 || total
-------------------------+-------+-------+-------+-------++-------
Melee: Unarmed           |     9 |       |       |       ||     9
       Short sword       |    63 |    74 |       |       ||   137
       Constrict         |    22 |    21 |    48 |     9 ||   100
       Tentacles         |    14 |    19 |    54 |     9 ||    96
       Kick              |     8 |     9 |    24 |    11 ||    52
       Punch             |     1 |     1 |     6 |     2 ||    10
       Morningstar       |       |    38 |    43 |       ||    81
       Dagger            |       |     6 |     2 |       ||     8
       Battleaxe         |       |       |   207 |    54 ||   261
Throw: Throwing net      |       |       |     2 |       ||     2
 Cast: Magic Dart        |    11 |     1 |     9 |     1 ||    22
       Beastly Appendage |    14 |     2 |    13 |     4 ||    33
       Wereblood         |     4 |     4 |    10 |     3 ||    21
       Frozen Ramparts   |       |     1 |     2 |     4 ||     7
       Iskenderun's Myst |       |       |       |     4 ||     4
  Use: Potion            |     1 |     9 |     5 |       ||    15
       Scroll            |     6 |    11 |     7 |     3 ||    27
 Stab: Sleeping          |     8 |    10 |    20 |     2 ||    40
       Held in net/web   |       |       |     1 |       ||     1
Armor: Skin              |     5 |    26 |    13 |     1 ||    45
Dodge: Dodged            |    74 |    78 |   136 |    77 ||   365

Table legend: (Time is in decaauts)
 A = Elapsed time spent in this place.
 B = Non-inter-level travel time spent in this place.
 C = Inter-level travel time spent in this place.
 D = Time resting spent in this place.
 E = Time spent auto-exploring this place.
 F = Levels seen in this place.
 G = Mean time per level.
                   A        B        C        D        E       F      G
               +--------+--------+--------+--------+--------+-----+--------+
         Total |  11555 |  11250 |    305 |   3755 |   5294 |  10 | 1155.5 |
       Dungeon |  10989 |  10694 |    295 |   3755 |   4945 |   8 | 1373.6 |
        Temple |    292 |    282 |     10 |      0 |    250 |   1 |  292.0 |
       Ossuary |    273 |    273 |      0 |      0 |     99 |   1 |  273.0 |
               +--------+--------+--------+--------+--------+-----+--------+

Top non-repeatable levels by time:
     D:5: 1970 daAuts
     D:2: 1879 daAuts
     D:6: 1648 daAuts
     D:4: 1475 daAuts
     D:1: 1281 daAuts
     D:8: 954 daAuts
     D:7: 899 daAuts
     D:3: 880 daAuts
  Temple: 292 daAuts
 Ossuary: 273 daAuts
